Map: Dash and Terminal LE (Void)

Players

Ayou - Winner!

  • Race: Zerg Zerg
  • League: Silver

Javert

  • Race: Zerg Zerg
  • League: Silver

VOD

Have the link to the VOD?

Description

Time

  • Played on: July 20, 2015, 3:51 p.m.
  • Length: 4:25
Show
View Real Time Build Order
Export as new Build Order

Ayou Zerg - Winner!

Build Orders: Hatch First 

Get SALT Encoding   

  12  0:01  Drone  
  13  0:08  Drone  
  14  0:20  Extractor  
  13  0:21  Drone  
  13  0:22  Extractor  
  13  0:23  Drone  
  16  0:46  Hatchery  
  15  0:50  Extractor  
  15  0:51  Overlord  
  14  1:10  Spawning Pool  
  13  1:12  Drone  
  13  1:15  Drone  
  15  1:20  Drone  
  16  1:26  Drone  
  17  1:34  Overlord  
  17  1:57  Zergling x4  
  17  1:58  Queen  
  17  2:00  Zergling x2  
  22  2:05  Metabolic Boost  
  22  2:08  Zergling x2  
  23  2:14  Zergling x2  
  24  2:18  Zergling x2  
  25  2:32  Zergling x6  
  26  2:47  Zergling x2  
  26  2:48  Zergling x2  
  28  2:54  Overlord, Queen  
  30  3:01  Zergling x4  
  32  3:09  Spine Crawler, Zergling x6  
  33  3:26  Zergling x10  
  33  4:04  Drone x2  
Show
View Real Time Build Order
Export as new Build Order

Javert Zerg 

Build Orders: Pool First 

Get SALT Encoding   

  12  0:01  Drone  
  13  0:08  Drone  
  13  0:13  Extractor  
  13  0:16  Drone  
  14  0:33  Spawning Pool  
  13  0:37  Drone  
  14  0:47  Overlord  
  14  1:20  Metabolic Boost  
  14  1:21  Zergling x6  
  14  1:23  Queen  
  19  1:36  Zergling x2  
  20  1:45  Drone  
  21  1:54  Overlord  
  21  2:14  Zergling x2  
  22  2:17  Hatchery  
  22  2:21  Zergling x2  
  22  2:36  Zergling x10  
  24  2:46  Zergling x2  
  24  2:51  Baneling Nest  
  23  2:57  Overlord  
  23  3:26  Drone x5  
  26  3:41  Baneling x2  
  26  3:44  Zergling x8  
  25  3:55  Zergling x4  
Tags
 
Add a new tag
Caveats
  • Supply blocks, unpowered buildings, or Contaminate may cause inaccurate times.
  • Supply counts are checked every 10 seconds.